 Dungeon Crawl Stone Soup version 0.17.1-3-g152610e (webtiles) character file.

527 namelastname112 the Martial Artist (level 7, 0/46 HPs)
             Began as an Octopode Monk on Apr 20, 2016.
             Slain by a gnoll
             ... wielding a +2 antimagic spear
              (5 damage)
             ... on level 3 of the Dungeon.
             The game lasted 00:06:01 (3656 turns).

namelastname112 the Martial Artist (Octopode Monk)  Turns: 3656, Time: 00:06:01

Health: 0/46       AC:  1    Str: 11    XL:     7   Next: 23%
Magic:  0/7        EV:  7    Int: 13    God:
Gold:   142        SH:  0    Dex: 15    Spells: 0 memorised, 6 levels left

rFire  + . .     SeeInvis .       - Unarmed
rCold  . . .     Clarity  +     (no shield)
rNeg   . . .     SustAt   .     (helmet restricted)
rPois  .         Gourm    .     g - amulet of clarity
rElec  .         Spirit   .     e - ring of protection from fire
rCorr  .         Warding  .     (no ring)
rMut   .         Stasis   .     (no ring)
MR     .....                    (no ring)
Stlth  +++.......               (no ring)
                                (no ring)
                                (no ring)
                                (no ring)

@: held, not resistant to hostile enchantments, fairly stealthy
A: almost no armour, amphibious, 8 rings, constrict 8, camouflage 1, gelatinous
body 1
a: no special abilities


You were on level 3 of the Dungeon.
You were not hungry.

You visited 1 branch of the dungeon, and saw 3 of its levels.

You collected 142 gold pieces.

Inventory:

Jewellery
 e - a ring of protection from fire (left tentacle)
 g - an amulet of clarity (around mantle)
Scrolls
 h - 2 scrolls of teleportation {unknown}
 j - 4 scrolls of enchant armour
 k - 2 scrolls of enchant weapon {unknown}
 l - 3 scrolls of fear {unknown}
 m - a scroll of immolation {unknown}
 n - 2 scrolls of remove curse {unknown}
Potions
 c - 2 potions of heal wounds
 d - 2 potions of curing
 i - a potion of agility
Comestibles
 a - 3 bread rations


   Skills:
 - Level 3.0 Fighting
 - Level 3.0 Dodging
 - Level 2.6 Stealth
 + Level 8.5 Unarmed Combat


You had 6 spell levels left.
You didn't know any spells.

Dungeon Overview and Level Annotations

Branches:
Dungeon (3/15)

Altars:


Innate Abilities, Weirdness & Mutations

You cannot wear most types of armour.
You are amphibious.
You can wear up to eight rings at the same time.
You can use your tentacles to constrict eight enemies at once.
Your skin changes colour to match your surroundings (Stealth).
Your rubbery body absorbs attacks (AC +1).


Message History

The gnoll hits you from afar with an antimagic spear!
You feel your power leaking away. The gnoll hits you!
You take 19 damage, and have 16/46 hp.
MASSIVE DAMAGE!!
You now have 1/7 mp.
You struggle against the net.
The gnoll closely misses you. The gnoll closely misses you.
You slip out of the net!
The gnoll hits you.
* * * LOW HITPOINT WARNING * * *
You take 6 damage, and have 11/46 hp.
The gnoll throws a throwing net.
The throwing net hits you.
You become entangled in the net!
You see here a throwing net.
You struggle to escape the net.
The gnoll hits you from afar with an antimagic spear!
* * * LOW HITPOINT WARNING * * *
You feel your power leaking away.
You take 7 damage, and have 4/46 hp.
You now have 0/7 mp.
You struggle against the net.
The gnoll hits you from afar with an antimagic spear.
You die...

#.......# #)))#
#.......#
#.......# ##)##
#.......#
#####...# ♣♣)♣
#.......# #..##
♣)♣♣ #.......#
##.## ♣♣)♣
#.......# #..#
♣)♣♣ #.......#
#..# ♣♣)♣♣
######### #..#
♣)PP♣♣ #..#
♣.@PP♣ #..#
#....#
#..####g.##
#.#.#.#g..#
###'#...##(##
.........#.)###
........>.....#
..............#
#....##.......#


You could see 2 gnolls.

Vanquished Creatures
  Grinder (D:3)
  The ghost of bollicks1999 the Sneak, a weakling OpAs (D:3)
  An orc priest (D:3)
  Crazy Yiuf (D:3)
  An orc wizard (D:3)
  6 adders
  4 gnolls (D:3)
  An ooze (D:3)
  2 worms
  2 giant geckos
  12 orcs (D:3)
  A ball python (D:3)
  11 bats
  8 giant cockroaches
  9 goblins
  6 hobgoblins
  11 jackals
  A quokka (D:2)
  3 giant newts
  9 kobolds
  7 rats
98 creatures vanquished.

Notes
Turn   | Place    | Note
--------------------------------------------------------------
     0 | D:1      | namelastname112 the Octopode Monk began the quest for the Orb.
     0 | D:1      | Reached XP level 1. HP: 16/16 MP: 1/1
   309 | D:1      | Reached XP level 2. HP: 21/21 MP: 2/2
   468 | D:1      | crauler: хуй с ним, с духом?
   509 | D:1      | namelastname112: бля
   509 | D:1      | namelastname112: ебать вас набежало
   601 | D:1      | xeno23: ололоев ты больше не хочешь духз?
   705 | D:1      | ololoev: сегодня нет
   720 | D:1      | Reached XP level 3. HP: 26/26 MP: 3/3
   723 | D:1      | namelastname112: блять
   723 | D:1      | namelastname112: силу вкачал
   777 | D:1      | ololoev: блин, я читаю переписку из той игры и не перестаю проигрывать
   793 | D:1      | Reached skill level 5 in Unarmed Combat
   921 | D:2      | crauler: да это вообще охуеть
  1039 | D:2      | crauler: такойто дух превозмогания
  1117 | D:2      | ololoev: духз превозмогания
  1156 | D:2      | Reached XP level 4. HP: 21/31 MP: 4/4
  1173 | D:2      | ololoev: эти овцы меня очень порадовали
  1379 | D:2      | ololoev: они мне жизнь спасли
  1786 | D:2      | Reached skill level 6 in Unarmed Combat
  2079 | D:3      | Reached XP level 5. HP: 30/36 MP: 5/5
  2080 | D:3      | Noticed bollicks1999's ghost (weakling OpAs)
  2092 | D:3      | Killed bollicks1999's ghost
  2496 | D:3      | Reached skill level 7 in Unarmed Combat
  2573 | D:3      | Noticed Grinder
  2575 | D:3      | ololoev: кстати не лучше тмутером начинать?
  2575 | D:3      | Reached XP level 6. HP: 36/42 MP: 6/6
  2634 | D:3      | ololoev: так сразу книга и качаешь тмутки
  2635 | D:3      | Found a faded altar to an unknown god.
  2751 | D:3      | ololoev: аквар нашел - сразу заакварил себе статую
  2754 | D:3      | namelastname112: у меня не клеится чето с тмутерами
  2754 | D:3      | namelastname112: всегда сру за них
  3055 | D:3      | Killed Grinder
  3055 | D:3      | Reached skill level 8 in Unarmed Combat
  3055 | D:3      | Reached XP level 7. HP: 3/46 MP: 7/7
  3295 | D:3      | Noticed Crazy Yiuf
  3302 | D:3      | Paralysed by Crazy Yiuf for 3 turns
  3306 | D:3      | Killed Crazy Yiuf
  3319 | D:3      | HP: 2/46 [poisoned by Crazy Yiuf]
  3327 | D:3      | HP: 1/46 [poisoned by Crazy Yiuf]
  3632 | D:3      | namelastname112: #livingontheedge
  3656 | D:3      | Slain by a gnoll

Action                   |  1- 3 |  4- 6 |  7- 9 || total
-------------------------+-------+-------+-------++-------
Melee: Unarmed           |    68 |   126 |     7 ||   201
  Use: Scroll            |       |     4 |       ||     4
 Stab: Sleeping          |    13 |     1 |       ||    14
       Distracted        |       |     1 |       ||     1
  Eat: Chunk             |     1 |     6 |       ||     7
       Pizza             |       |       |     1 ||     1
